AoeStats
← ScottPuppy

Hideout

510219566Analyzed
1v1 RM · 1d ago on Sep 30, 2026· 56m 12s· 2 players
Game mode
Random Map
Map size
Tiny (2 player)
Population
200
Speed
Normal
Resources
Standard
Victory
Conquest
Starting age
Dark Age
Ending age
Imperial Age
RankedLock teamsTeams togetherTeam positionsShared explorationLock speedFull tech treeHidden civsTurbo modeCheats
Victory
Defeat
🇪🇸 Aztecs · Spain
876
+15
🇺🇸 Ethiopians · United States
850
-15
ScottPuppy
4:09 Loom
10:29 Feudal Age
11:42 Double-Bit Axe
13:49 Wheelbarrow
18:14 Castle Age
16:45 Fletching
17:28 Horse Collar
18:22 Crossbowman
20:57 Bodkin Arrow
22:37 Squires
22:27 Arson
25:55 Forging
28:59 Thumb Ring
30:02 Bow Saw
33:18 Iron Casting
32:49 Scale Barding Armor
32:52 Elite Skirmisher
35:59 Chain Barding Armor
36:38 Gold Mining
38:51 Heated Shot
39:11 Masonry
40:10 Padded Archer Armor
43:21 Imperial Age
41:35 Husbandry
42:29 Hand Cart
43:34 Cavalier
55:14 Bracer
55:58 Light Cavalry
Gian_p20
9:55 Feudal Age
17:45 Castle Age
17:11 Fletching
18:46 Horse Collar
19:24 Loom
24:44 Heavy Plow
24:33 Double-Bit Axe
24:40 Gold Mining
29:49 Wheelbarrow
35:41 Imperial Age
33:29 Hand Cart
34:27 Forging
34:18 Scale Mail Armor
39:00 Bow Saw
39:25 Conscription
41:20 Crop Rotation
41:01 Padded Archer Armor
40:26 Elite Skirmisher
42:31 Squires
41:52 Pikeman
43:34 Gold Shaft Mining
42:50 Stone Mining
44:26 Town Watch
45:18 Iron Casting
44:59 Chain Mail Armor
46:16 Bodkin Arrow
46:36 Leather Archer Armor
50:16 Stone Shaft Mining
49:40 Onager
53:18 Blast Furnace
52:49 Plate Mail Armor
52:20 Bracer
51:56 Elite Jaguar Warrior
Connection lost

Rejoining the realm…

Still unreachable

The connection could not be restored.

Session expired

The server has moved on; the page needs a fresh start.